 Dungeon Crawl Stone Soup version 0.30-a0-137-gd8773701ce (webtiles) character file.

Game seed: 805630488598447306

280 NinjaNoafa the Grave Robber (level 6, -1/51 HPs)
             Began as a Deep Elf Necromancer on Sept 22, 2022.
             Succumbed to a scorpion's poison
             ... on level 4 of the Dungeon.
             The game lasted 00:07:50 (3294 turns).

NinjaNoafa the Grave Robber (Deep Elf Necromancer)  Turns: 3294, Time: 00:07:51

Health: -1/51      AC: 23    Str:  5    XL:     6   Next: 5%
Magic:  8/15       EV:  2    Int: 26    God:
Gold:   202        SH:  0    Dex: 15    Spells: 8/15 levels left

rFire   . . .      SeeInvis .    u - +5 lajatang of Canti {venom, rElec Int+4}
rCold   . . .      Faith    .    (shield currently unavailable)
rNeg    . . .      Spirit   .    (body armour currently unavailable)
rPois   +          Reflect  .    (helmet currently unavailable)
rElec   +          Harm     .    (cloak currently unavailable)
rCorr   .          Rampage  .    (gloves currently unavailable)
Will    .....      NoTele   +    (boots currently unavailable)
Stlth   ++........               (no amulet)
HPRegen 0.17/turn                (no ring)
MPRegen 0.14/turn                (no ring)

@: lethally poisoned (-1 -> -12), tree-form
A: stationary, stasis, torment immunity, boosted hp, (iridescent scales 1), wild
magic 1, (sturdy frame 1)
a: no special abilities


You were on level 4 of the Dungeon.
You were a tree.
You visited 1 branch of the dungeon, and saw 4 of its levels.

You collected 202 gold pieces.

Inventory:

Hand Weapons
 u - the +5 lajatang of Canti (weapon) {venom, rElec Int+4}
   (You found it on level 3 of the Dungeon)

   It poisons the flesh of those it strikes.
   Int:       It affects your intelligence (+4).
   rElec:     It insulates you from electricity.
Missiles
 l - 35 stones
Armour
 a - a +0 robe (melded)
 d - a scarf of invisibility (melded)
Wands
 o - a wand of iceblast (13)
Scrolls
 c - a scroll of fear {unknown}
 e - a scroll of magic mapping {unknown}
 f - 2 scrolls of enchant armour {unknown}
 g - 5 scrolls of identify {unknown}
 h - 2 scrolls of teleportation {unknown}
 i - a scroll of amnesia {unknown}
 m - 2 scrolls of fog {unknown}
 p - a scroll of immolation {unknown}
 q - a scroll of blinking {unknown}
 r - a scroll of enchant weapon {unknown}
 t - 2 scrolls of vulnerability {unknown}
 v - a scroll of poison {unknown}


   Skills:
 + Level 1.4 Fighting
 - Level 2.4 Dodging
 - Level 2.4 Stealth
 - Level 5.0 Spellcasting
 - Level 3.1 Summonings
 - Level 6.5 Necromancy


You had 8 spell levels left.
You knew the following spells:

 Your Spells              Type           Power      Damage    Failure   Level
a - Necrotise             Necr           100%       1d9       1%          1
b - Vampiric Draining     Necr           51%        2d9       3%          3
c - Summon Small Mammal   Summ           100%       N/A       3%          1
d - Call Imp              Summ           29%        N/A       5%          2

Your spell library contained the following spells:

 Spells                   Type           Power      Damage    Failure   Level
 Animate Dead             Necr           51%        N/A       9%          4
 Apportation              Tloc           16%        N/A       12%         1
 Magic Dart               Conj           32%        1d4       12%         1
 Agony                    Necr           51%        N/A       21%         5
 Mephitic Cloud           Conj/Pois/Air  8%         N/A       30%         3


Dungeon Overview and Level Annotations

Branches:
Dungeon (4/15)
 Temple: D:4-7

Altars:


Innate Abilities, Weirdness & Mutations

You are a tree.
Your roots penetrate the ground, keeping you stationary.
You cannot be teleported.
You are immune to unholy pain and torment.
Your maximum health is greatly increased.
Your equipment is partially melded.
((You are partially covered in iridescent scales. (AC +2)))
Your spells are a little harder to cast, but a little more powerful.
((Your movements are slightly less encumbered by armour. (ER -2)))


Message History

The scorpion writhes in agony.
The scorpion closely misses you.
The scorpion writhes in agony.
The scorpion stings you.
You are poisoned.
The scorpion poisons you! The scorpion closely misses you.
A scorpion is nearby!
You closely miss the scorpion.
The scorpion is almost dead.
You feel very sick.
The scorpion stings you but does no damage.
Casting: Necrotise (safe; 1% risk of failure)
Confirm with . or Enter, or press ? or * to list all spells.
You feel sick. The scorpion stings you!
You are lethally poisoned!
The scorpion poisons you!
* * * LOW HITPOINT WARNING * * *
You feel very sick. The scorpion stings you.
* * * LOW HITPOINT WARNING * * *
Okay, then.
Really quaff the potion of lignification?
You turn into a tree.
Your scarf of invisibility melds into your body.
Your +0 robe melds into your body.
Your roots penetrate the ground.
* * * LOW HITPOINT WARNING * * *
You feel very sick.
Your quokka closely misses the scorpion.
The scorpion stings you but does no damage.
Casting: Summon Small Mammal (safe; 3% risk of failure)
Confirm with . or Enter, or press ? or * to list all spells.
Aiming: Necrotise (safe; 1% risk of failure)
Press: ? - help, Shift-Dir - straight line, f/p - scorpion
Aim: a scorpion (almost dead, ally target, chance to affect: 83%)
The scorpion writhes in agony.
You kill the scorpion!
* * * LOW HITPOINT WARNING * * *
You feel very sick.
Your Fighting skill increases to level 1!
You have reached level 6!
There is a lethal amount of poison in your body!
You die...

## #.# .# #.. .#
#.#### .# #.##..
##.##
#.##.###†..##
#.##.##♣r...#.#
#.##.#........#
#..)..........#
#.##.#.......##
#.##.##.....##
####.##.###...##
#.........##.##
#.##.##.#.# <#
##.##.#.##.#


You could see a friendly quokka (summoned).

Vanquished Creatures
  A scorpion (D:4)
  Natasha (twice) (D:3)
  An orc wizard (D:3)
  4 adders
  A dart slug (D:2)
  3 orcs
  5 endoplasms
  A giant cockroach (D:2)
  7 goblins
  5 hobgoblins
  4 quokkas
  5 ball pythons
  6 bats
  4 frilled lizards
  8 kobolds
  4 rats
61 creatures vanquished.

Vanquished Creatures (collateral kills)
  Terence (D:3)
  2 orcs (D:3)
  A bat (D:1)
  An endoplasm (D:2)
  A hobgoblin (D:3)
  A kobold (D:2)
  A goblin (D:3)
  A rat (D:3)
9 creatures vanquished.

Vanquished Creatures (others)
  An orc wizard (D:3)
  A demonic plant (D:2)
  4 fungi (D:2)
  16 plants (D:2)
  2 withered plants (D:2)
24 creatures vanquished.

Grand Total: 94 creatures vanquished

Notes
Turn   | Place    | Note
-------+----------+-------------------------------------------
     0 | D:1      | NinjaNoafa the Deep Elf Necromancer began the quest for the
                  | Orb.
     0 | D:1      | Reached XP level 1. HP: 10/10 MP: 6/6
    94 | D:1      | Reached skill level 5 in Necromancy
   216 | D:1      | Reached XP level 2. HP: 15/15 MP: 2/8
   878 | D:2      | Reached XP level 3. HP: 16/19 MP: 7/10
   942 | D:2      | Reached skill level 1 in Summonings
  1436 | D:2      | Found a faded altar of an unknown god.
  1601 | D:2      | Reached XP level 4. HP: 24/24 MP: 8/12
  1994 | D:3      | Identified the +5 lajatang of Canti {venom, rElec Int+4}
  2008 | D:3      | Noticed Natasha
  2014 | D:3      | Killed Natasha
  2188 | D:3      | Noticed Natasha
  2199 | D:3      | Killed Natasha
  2200 | D:3      | Reached skill level 6 in Necromancy
  2200 | D:3      | Reached XP level 5. HP: 27/28 MP: 10/14
  2204 | D:3      | Learned a level 3 spell: Vampiric Draining
  2206 | D:3      | Learned a level 1 spell: Summon Small Mammal
  2795 | D:3      | Noticed Terence
  2806 | D:3      | Killed Terence
  2807 | D:3      | Reached skill level 5 in Spellcasting
  2848 | D:3      | Gained mutation: You are partially covered in iridescent
                  | scales. (AC +2) [potion of mutation]
  2848 | D:3      | Gained mutation: Your movements are slightly less
                  | encumbered by armour. (ER -2) [potion of mutation]
  2848 | D:3      | Gained mutation: Your spells are a little harder to cast,
                  | but a little more powerful. [potion of mutation]
  3231 | D:3      | Learned a level 2 spell: Call Imp
  3293 | D:4      | HP: 1/42 [poisoned by a scorpion]
  3294 | D:4      | Reached skill level 1 in Fighting
  3294 | D:4      | Reached XP level 6. HP: 1/34 MP: 8/15
  3294 | D:4      | Succumbed to a scorpion's poison

Illustrated notes

Levels and vault maps discovered:
D:1:      heliophobic_arrival_dark_side_of_the_moon, layout_rooms
D:2:      layout_rooms, shapermc_ecumenical_altar_gd,
          chequers_serial_rivers_large_a, minmay_misc_feat_more_columns,
          lexackson_kobold_supper
D:3:      kennysheep_the_goblin_king, layout_loops_cross, uniq_natasha,
          uniq_terence
D:4:      layout_loops_ring, ashenzari_conservatory_becter,
          nicolae_ru_awakened_eye, serial_shops,
          nicolae_shop_bloodbath_and_beyond

Skill      XL: |  1  2  3  4  5 |
---------------+----------------+-----
Necromancy     | 5 6 |  6.5
Spellcasting   | 4 5 |  5.0
Summonings     | 1 2 3 |  3.1
Fighting       | 1 |  1.4
Dodging        | |  2.4
Stealth        | |  2.4

Action                   |  1- 3 |  4- 6 || total
-------------------------+-------+-------++-------
Melee: Long sword        |     9 |       ||     9
       Lajatang          |       |    11 ||    11
 Cast: Necrotise         |    57 |    37 ||    94
       Summon Small Mamm |       |    18 ||    18
       Vampiric Draining |       |     6 ||     6
  Use: Potion            |       |     7 ||     7
Armor: Robe              |     3 |     1 ||     4
       Skin              |       |     9 ||     9
Dodge: Dodged            |    13 |    15 ||    28

Table legend: (Time is in decaauts)
 A = Elapsed time spent in this place.
 B = Non-inter-level travel time spent in this place.
 C = Inter-level travel time spent in this place.
 D = Time resting spent in this place.
 E = Time spent auto-exploring this place.
 F = Levels seen in this place.
 G = Mean time per level.
                   A        B        C        D        E       F      G
               +--------+--------+--------+--------+--------+-----+--------+
         Total |   3289 |   3248 |     41 |     12 |   2758 |   4 |  822.2 |
       Dungeon |   3289 |   3248 |     41 |     12 |   2758 |   4 |  822.2 |
               +--------+--------+--------+--------+--------+-----+--------+

Top non-repeatable levels by time:
     D:3: 1350 daAuts
     D:2: 1114 daAuts
     D:1: 778 daAuts
     D:4: 46 daAuts
